Map: Thunderbird LE

Players

Ratl

  • Race: Zerg Zerg
  • Spawn Location: 5:00

VOD

Have the link to the VOD?

Description

Time

  • Played on: Oct. 28, 2019, 6:26 p.m.
  • Length: 16:15
Show
View Real Time Build Order
Export as new Build Order

Ratl Zerg 

Build Orders:  

Get SALT Encoding   

  12  0:08  Drone  
  13  0:15  Drone  
  14  0:24  Overlord  
  14  0:54  Drone  
  14  0:56  Spawning Pool  
  14  1:04  Overlord  
  14  1:17  Drone  
  14  1:18  Drone  
  16  1:22  Extractor  
  15  1:30  Overlord  
  15  1:48  Drone  
  16  2:01  Queen  
  16  2:02  Drone  
  19  2:12  Drone  
  19  2:18  Extractor  
  19  2:27  Drone  
  20  2:44  Drone  
  21  3:02  Drone  
  22  3:20  Drone  
  23  3:38  Drone  
  23  3:39  Drone  
  25  3:40  Zergling x4  
  25  3:48  Lair  
  27  3:56  Overlord  
  27  4:17  Evolution Chamber  
  26  4:24  Drone x3  
  26  4:26  Zergling x4  
  31  5:00  Hatchery  
  30  5:12  Extractor  
  29  5:37  Roach Warren  
  28  5:53  Zergling x8  
  28  5:54  Zergling x4  
  34  6:00  Overseer  
  34  6:02  Overseer  
  34  6:05  Overseer  
  34  6:27  Zergling x4  
  36  6:41  Queen  
  36  6:42  Drone  
  37  7:27  Roach x3  
  37  7:28  Zergling x4  
  45  7:31  Pneumatized Carapace  
  45  7:55  Drone x2  
  45  7:56  Drone  
  48  8:02  Roach x2  
  48  8:07  Overlord x2  
  52  8:31  Overlord  
  52  8:37  Drone  
  53  9:14  Infestation Pit  
  53  9:15  Drone  
  53  9:16  Drone  
  53  9:18  Drone  
  55  9:27  Drone x3  
  55  9:28  Drone x2  
  60  9:45  Zergling x2  
  61  10:17  Drone x3  
  61  10:18  Drone x3  
  72  10:30  Zerg Melee Weapons Level 1  
  72  10:57  Hatchery  
  71  11:06  Spine Crawler  
  70  11:20  Infestor x2  
  70  11:21  Infestor  
  70  11:23  Overlord x2  
  70  11:29  Overlord x3  
  76  11:30  Overlord x2  
  76  11:52  Spire  
  75  12:10  Nydus Network  
  75  12:12  Overseer  
  74  12:39  Hydralisk Den  
  73  12:45  Drone  
  73  12:46  Drone x2  
  76  12:59  Extractor  
  75  13:10  Zerg Missile Weapons Level 1  
  75  13:29  Zergling x2  
  76  13:30  Zergling x10  
  76  13:31  Zergling x10  
  76  13:32  Zergling x2  
  76  13:39  Drone x3  
  90  13:41  Queen  
  92  14:01  Nydus Network  
  69  14:20  Spine Crawler  
  69  14:21  Spine Crawler  
  69  14:22  Spore Crawler  
  69  14:25  Hive  
  43  14:55  Mutalisk x3  
  43  14:56  Mutalisk  
  43  14:58  Mutalisk  
  53  15:06  Zergling x2  
  53  15:09  Hydralisk  
  54  15:33  Hydralisk x3  
Tags
 
Add a new tag
Caveats
  • Supply blocks, unpowered buildings, or Contaminate may cause inaccurate times.
  • Supply counts are checked every 10 seconds.